 Dungeon Crawl Stone Soup version 0.24-a0-429-g4608c8fa30 (webtiles) character file.

Game seed: 10953925156271330516

443 Amnesiac the Poker (level 7, 0/50 HPs)
             Began as a Merfolk Skald on June 13, 2019.
             Killed from afar by an orc wizard (7 damage)
             ... with a magic dart
             ... on level 4 of the Dungeon.
             The game lasted 00:09:47 (1891 turns).

Amnesiac the Poker (Merfolk Skald)                  Turns: 1891, Time: 00:09:48

Health: 0/50       AC:  3    Str: 12    XL:     7   Next: 2%
Magic:  4/10       EV: 13    Int: 12    God:
Gold:   177        SH:  0    Dex: 15    Spells: 3/10 levels left

rFire    . . .     SeeInvis .   a - +0 trident
rCold    . . .     Gourm    .   (no shield)
rNeg     . . .     Faith    .   e - +0 robe (curse)
rPois    .         Spirit   .   f - +0 helmet
rElec    .         Reflect  .   (no cloak)
rCorr    .         Harm     .   (no gloves)
MR       .....                  (no boots)
Stlth    +.........             (no amulet)
HPRegen  0.16/turn              (no ring)
MPRegen  0.12/turn              (no ring)

@: very slightly contaminated
A: change form in water, swift swim, stealthy swim
a: no special abilities


You were on level 4 of the Dungeon.
You were not hungry.

You visited 1 branch of the dungeon, and saw 4 of its levels.

You collected 177 gold pieces.

Inventory:

Hand Weapons
 a - a +0 trident (weapon)
Armour
 e - a cursed +0 robe (worn)
 f - a +0 helmet (worn)
 g - a +0 ring mail of cold resistance
 j - a +0 leather armour of positive energy
 l - a +3 ring mail of magic resistance
Wands
 b - a wand of paralysis (10)
 k - a wand of enslavement (5)
Scrolls
 m - 2 scrolls of identify {!r, unknown}
 n - a scroll of random uselessness {!r, unknown}
Potions
 c - 2 potions of heal wounds {!q}
 h - 4 potions of curing {!q}
Comestibles
 d - 5 rations
 i - 3 chunks of flesh


   Skills:
 - Level 2.1 Fighting
 + Level 7.8 Polearms
 - Level 0.6 Armour
 - Level 2.6 Dodging
 - Level 2.0 Spellcasting
 - Level 4.1 Hexes
 - Level 4.0 Charms


You had 3 spell levels left.
You knew the following spells:

 Your Spells              Type           Power        Failure   Level  Hunger
a - Infusion              Chrm           ##..         5%          1    ##.....
e - Spectral Weapon       Hex/Chrm       ##......     16%         3    ####...
r - Regeneration          Chrm/Necr      #.........   34%         3    ####...

Your spell library contained the following spells:

 Spells                   Type           Power        Failure   Level  Hunger
 Song of Slaying          Chrm           ##......     8%          2    ###....
 Shroud of Golubria       Chrm/Tloc      #.....       19%         2    ###....
 Animate Skeleton         Necr           N/A          26%         1    ##.....
 Pain                     Necr           #...         26%         1    ##.....
 Portal Projectile        Hex/Tloc       #.....       34%         3    ####...
 Gell's Gravitas          Tloc           #.........   63%         3    ####...
 Vampiric Draining        Necr           #.........   63%         3    ####...
 Animate Dead             Necr           N/A          95%         4    #####..
 Force Lance              Conj/Tloc      #.......     95%         4    #####..
 Dispersal                Tloc           #.........   100%        6    #######
 Controlled Blink         Tloc           N/A          100%        8    #######
 Disjunction              Tloc           #.........   100%        8    #######


Dungeon Overview and Level Annotations

Branches:
Dungeon (4/15)
 Temple: D:4-7

Altars:
Hepliaklqana
Sif Muna


Message History

You kill the adder!
No target in view!
You see here an adder corpse.
You butcher the adder corpse.
i - 3 chunks of flesh (gained 1)
You see here an adder skeleton.
You now have 154 gold pieces (gained 12).
An orc, an orc warrior and an orc wizard come into view.
The orc wizard is wielding a +4 dagger of electrocution.
The orc shouts!
An orc wizard comes into view. It is wielding a +0 dagger.
There is a stone staircase leading down here.
Found 10 gold pieces.
You now have 164 gold pieces (gained 10).
You now have 177 gold pieces (gained 13).
The orc is too close now for your liking.
Casting: Spectral Weapon (safe; 16% risk of failure)
Confirm with . or Enter, or press ? or * to list all spells.
You begin infusing your attacks with magical energy.
You closely miss the orc. The orc misses you.
You hit the orc!
You kill the orc!
Casting: Infusion (safe; 5% risk of failure)
Confirm with . or Enter, or press ? or * to list all spells.
You miscast Spectral Weapon.
You are very lightly contaminated with residual magic.
Strange energies run through your body.
Your magical infusion is running out.
Casting: Spectral Weapon (safe; 16% risk of failure)
Confirm with . or Enter, or press ? or * to list all spells.
You draw out your weapon's spirit!
Attack whom?
Press: ? - help, Dir - move target cursor, f - orc warrior
Aim: an orc warrior, wielding a +0 battleaxe and wearing a +0 plate armour You reach to attack!
You hit the orc warrior.
The orc warrior is lightly wounded.
You hit the orc warrior but do no damage.
The orc warrior is severely wounded.
The orc warrior hits you with a cursed +0 battleaxe!
The orc warrior hits your spectral weapon with a cursed +0 battleaxe!
Your spectral weapon shares its damage with you!
Your spectral weapon fades away.
You hit the orc warrior but do no damage.
The orc warrior is severely wounded.
You are no longer magically infusing your attacks.
You hit the orc warrior but do no damage.
The orc warrior is severely wounded.
The orc warrior hits you with a cursed +0 battleaxe.
* * * LOW HITPOINT WARNING * * *
You closely miss the orc warrior.
The orc warrior is severely wounded.
The orc warrior hits you with a cursed +0 battleaxe!!
* * * LOW HITPOINT WARNING * * *
The orc wizard shouts!
The orc wizard gestures wildly while chanting.
The orc wizard flickers and vanishes!
Deactivating autopickup; reactivate with Ctrl-A.
The orc wizard gestures wildly while chanting.
The orc wizard seems to speed up.
The orc wizard mumbles some strange words.
The orc wizard blinks!
The orc wizard points at you and mumbles some strange words.
The magic dart hits you!
You die...

#....##.##..####.....#.#..
##....#.......##8..8######
#..........##.........###.
##...#....###..............
#...##....# #..............
#...##...#####.............
#...######...####..........
##.## ##...####...##.....
### ####.@..##.....##.....
##....##.#.............
##...oo##...........#...
#.......#.#.........##..
#....................##.
#........#...#...>......
##......##...#..##......
##.....####...#..##..##.
#......##...#.#.###.....


You could see an orc warrior and an orc wizard.

Vanquished Creatures
  Sigmund (D:2)
  A phantom (D:4)
  A hound (D:4)
  An orc wizard (D:2)
  Ijyb (D:4)
  Robin (D:1)
  3 adders
  3 gnolls (D:2)
  A worm (D:4)
  A dart slug (D:1)
  5 orcs
  2 giant cockroaches (D:1)
  12 goblins
  3 hobgoblins
  3 jackals (D:2)
  A quokka (D:4)
  A ball python (D:4)
  A bat (D:1)
  4 frilled lizards
  3 kobolds
  A leopard gecko skeleton (D:4)
  2 rats
52 creatures vanquished.

Vanquished Creatures (others)
  2 spectral weapons
2 creatures vanquished.

Grand Total: 54 creatures vanquished

Notes
Turn   | Place    | Note
-------+----------+-------------------------------------------
     0 | D:1      | Amnesiac the Merfolk Skald began the quest for the Orb.
     0 | D:1      | Reached XP level 1. HP: 16/16 MP: 3/3
   151 | D:1      | Reached XP level 2. HP: 19/22 MP: 0/5
   399 | D:2      | Noticed Robin
   442 | D:1      | Killed Robin
   442 | D:1      | Reached skill level 4 in Polearms
   442 | D:1      | Reached XP level 3. HP: 11/27 MP: 0/6
   447 | D:1      | Learned a level 3 spell: Spectral Weapon
   756 | D:2      | Reached skill level 5 in Polearms
   756 | D:2      | Reached skill level 1 in Hexes
   756 | D:2      | Reached XP level 4. HP: 13/33 MP: 4/7
  1163 | D:2      | Reached XP level 5. HP: 32/38 MP: 4/8
  1196 | D:2      | Noticed Sigmund
  1273 | D:2      | Killed Sigmund
  1273 | D:2      | Reached skill level 6 in Polearms
  1273 | D:2      | Reached XP level 6. HP: 26/44 MP: 6/9
  1409 | D:4      | Noticed Ijyb
  1413 | D:4      | Reached skill level 7 in Polearms
  1426 | D:4      | Killed Ijyb
  1468 | D:4      | Found a deep blue altar of Sif Muna.
  1481 | D:4      | Found a hazy altar of Hepliaklqana.
  1481 | D:4      | Noticed a phantom
  1512 | D:4      | Killed a phantom
  1675 | D:4      | Learned a level 3 spell: Regeneration
  1764 | D:4      | Reached XP level 7. HP: 50/50 MP: 10/10
  1891 | D:4      | Killed from afar by an orc wizard

Levels and vault maps discovered:
D:1:      onia_arrival_pyramid, layout_basic
D:2:      cheibrodos_pilgrimage, layout_basic, first_ration, chequers_garden,
          uniq_sigmund, uniq_robin
D:3:      layout_loops_corners, okawaru_trees_2
D:4:      layout_cave_pools, kennysheep_mini, minitemple,
          chequers_serial_rivers_micro_a, uniq_ijyb

Skill      XL: |  1  2  3  4  5  6 |
---------------+-------------------+-----
Charms         | 4 |  4.0
Polearms       | 4 5 6 7 |  7.8
Hexes          | 1 2 3 4 |  4.1
Fighting       | |  2.1
Armour         | |  0.6
Dodging        | |  2.6
Spellcasting   | |  2.0

Action                   |  1- 3 |  4- 6 |  7- 9 || total
-------------------------+-------+-------+-------++-------
Melee: Spear             |   108 |     1 |       ||   109
       Trident           |       |    67 |    10 ||    77
 Cast: Infusion          |     8 |       |     1 ||     9
       Spectral Weapon   |     2 |     9 |     1 ||    12
  Use: Scroll            |     1 |       |       ||     1
       Potion            |     1 |       |       ||     1
 Stab: Sleeping          |       |       |     1 ||     1
  Eat: Chunk             |       |     5 |       ||     5
Armor: Leather armour    |     7 |       |       ||     7
       Robe              |     8 |       |     1 ||     9
Dodge: Dodged            |    46 |    27 |     2 ||    75

Table legend:
 A = Non-vault XP
 B = Vault XP
 C = Vault XP percentage of total XP
 D = Non-vault monster count
 E = Vault monster count
 F = Vault count percentage of total count
                 A         B        C        D         E       F
            +---------+---------+-------+---------+---------+-------
      Total |     289 |     345 |  54.4 |      33 |      19 |  36.5
            +---------+---------+-------+---------+---------+-------
        D:1 |      19 |      21 |  52.5 |      11 |       4 |  26.7
        D:2 |      68 |     291 |  81.1 |      10 |      14 |  58.3
        D:3 |       2 |       0 |   0.0 |       1 |       0 |   0.0
        D:4 |     200 |      33 |  14.2 |      11 |       1 |   8.3
            +---------+---------+-------+---------+---------+-------
